 Dungeon Crawl Stone Soup version 0.29.0-4-gdea44cf6ec (webtiles) character file.

Game seed: 8801366569615499055

60818 keekatzer the Grappler (level 14, -12/152 HPs)
             Began as a Troll Transmuter on Aug 26, 2022.
             Was an Elder of Jiyva.
             Killed from afar by a will-o-the-wisp (18 damage)
             ... with a foxfire
             ... on level 1 of the Swamp.
             The game lasted 02:01:26 (16949 turns).

keekatzer the Grappler (Troll Transmuter)          Turns: 16949, Time: 02:01:27

Health: -12/152    AC:  9    Str: 21    XL:     14   Next: 58%
Magic:  20/20      EV: 13    Int: 13    God:    Jiyva [****..]
Gold:   1229       SH:  0    Dex: 18    Spells: 6/23 levels left

rFire   x . .      SeeInvis .     - Unarmed
rCold   + + +      Faith    .   (shield currently unavailable)
rNeg    . . .      Spirit   .   (body armour currently unavailable)
rPois   +          Reflect  .   (helmet currently unavailable)
rElec   .          Harm     .   (cloak currently unavailable)
rCorr   +          Rampage  .   (gloves unavailable)
Will    ++...                   (boots unavailable)
Stlth   +++.......              J - amulet "Majiunad" {Regen+ Int+4 Dex+4 Stlth+}
HPRegen 3.23/turn               h - ring of willpower
MPRegen 0.57/turn               S - ring of flight

@: ice-form, flying
A: freezing attack, amphibious, boosted hp, large, unfitting armour, (claws 3),
regeneration 1, (shaggy fur 1), (tough skin 1), MP-powered wands
a: End Transformation, Renounce Religion, Oozemancy, Slimify


You were on level 1 of the Swamp.
You worshipped Jiyva.
Jiyva was greatly pleased with you.
You were a creature of crystalline ice.
You visited 4 branches of the dungeon, and saw 18 of its levels.
You also visited: Trove, Sewer and Bailey.

You collected 1229 gold pieces.

Inventory:

Hand Weapons
 I - the +8 trident of the Bespelling Sybil (melded) {vorpal, rN+ Dex+4 Stlth-}
   (You found it on level 8 of the Dungeon)

   It inflicts extra damage upon your enemies.
   Dex:       It affects your dexterity (+4).
   rN:        It protects you from negative energy.
   Stlth:     It makes you less stealthy.
 K - the +10 great mace of Dubrusk {antimagic, rElec Dex+5}
   (You found it on level 9 of the Dungeon)

   It reduces the magical energy of the wielder, and disrupts the spells and
   magical abilities of those it strikes.
   Natural abilities and divine invocations are not affected.
   Dex:       It affects your dexterity (+5).
   rElec:     It insulates you from electricity.
 L - the +9 trident "Ceshriyqe" {freeze, Will+}
   (You found it on level 11 of the Dungeon)

   It freezes those it strikes, dealing additional cold damage.
   It can also slow down cold-blooded creatures.
   Will:      It increases your willpower.
 T - a +3 great mace
Missiles
 n - 3 throwing nets
Armour
 l - +0 steam dragon scales
 v - a +1 robe of resistance
 z - a +0 hat (melded)
 P - +0 acid dragon scales
 V - a +1 cloak (melded)
 W - the +0 robe "Rimid" (melded) {Str+2 Dex-4 Archmagi}
   (You found it on level 2 of the Dungeon)

   Str:       It affects your strength (+2).
   Dex:       It affects your dexterity (-4).
   Archmagi:  It increases the power of your magical spells.
Jewellery
 h - a ring of willpower (left front paw)
 J - the amulet "Majiunad" (around neck) {Regen+ Int+4 Dex+4 Stlth+}
   (You found it on level 8 of the Dungeon)

   [amulet of regeneration]

   Int:       It affects your intelligence (+4).
   Dex:       It affects your dexterity (+4).
   Regen:     It increases your rate of health regeneration.
   Stlth:     It makes you more stealthy.
 M - a ring of fire
 S - a ring of flight (right front paw)
Wands
 x - a wand of flame (8)
 E - a wand of quicksilver (16)
 G - a wand of roots (26)
 O - a wand of polymorph (4)
 Q - a wand of paralysis (4)
Scrolls
 a - 3 scrolls of amnesia
 c - 3 scrolls of enchant weapon
 g - a scroll of identify
 p - 3 scrolls of enchant armour
 q - 3 scrolls of poison
 r - 3 scrolls of vulnerability
 s - a scroll of fear
 u - 6 scrolls of teleportation
 A - a scroll of summoning
 D - 2 scrolls of magic mapping
 F - a scroll of silence
 H - 2 scrolls of torment
 N - 7 scrolls of immolation
 U - a scroll of fog
Potions
 b - 4 potions of lignification
 d - 2 potions of haste
 f - 4 potions of mutation
 i - 3 potions of cancellation
 j - 3 potions of might
 k - 6 potions of brilliance
 m - 2 potions of magic
 o - 2 potions of invisibility
 t - 4 potions of curing
Miscellaneous
 e - a phial of floods (inert)
 w - a phantom mirror (inert)


   Skills:
 - Level 5.0 Fighting
 - Level 2.0 Armour
 - Level 6.8 Dodging
 - Level 11.0 Unarmed Combat
 - Level 5.0 Spellcasting
 + Level 1.8 Translocations
 - Level 10.9 Transmutations
 - Level 8.0 Ice Magic
 * Level 6.1 Invocations
 - Level 5.0 Evocations


You had 6 spell levels left.
You knew the following spells:

 Your Spells              Type           Power      Damage    Failure   Level
a - Beastly Appendage     Tmut           62%        N/A       1%          1
b - Wereblood             Tmut           31%        N/A       1%          2
c - Ice Form              Ice/Tmut       27%        N/A       3%          4
d - Frozen Ramparts       Ice            48%        1d8       1%          3
e - Ozocubu's Armour      Ice            24%        N/A       1%          3
f - Blink                 Tloc           16%        N/A       13%         2
g - Passwall              Tmut/Erth      14%        N/A       3%          2

Your spell library contained the following spells:

 Spells                   Type           Power      Damage    Failure   Level
 Freeze                   Ice            96%        1d11      1%          1
 Sting                    Tmut/Pois      68%        1d6       1%          1
 Spider Form              Tmut/Pois      17%        N/A       6%          3
 Blade Hands              Tmut           15%        N/A       6%          5
 Apportation              Tloc           16%        N/A       9%          1
 Foxfire                  Conj/Fire      12%        2x1d4     19%         1
 Magic Dart               Conj           12%        1d3       19%         1
 Sandblast                Erth           6%         2d5       19%         1
 Petrify                  Tmut/Erth      17%        N/A       21%         4
 Gell's Gravitas          Tloc           8%         N/A       26%         3
 Teleport Other           Tloc           8%         N/A       26%         3
 Call Imp                 Summ           3%         N/A       28%         2
 Poisonous Vapours        Pois/Air       6%         N/A       28%         2
 Static Discharge         Conj/Air       3%         3-4/arc   28%         2
 Sublimation of Blood     Necr           3%         N/A       28%         2
 Hailstorm                Conj/Ice       13%        3d5       34%         4
 Summon Ice Beast         Ice/Summ       13%        N/A       34%         4
 Call Canine Familiar     Summ           3%         N/A       50%         3
 Inner Flame              Hex/Fire       3%         N/A       50%         3
 Mephitic Cloud           Conj/Pois/Air  3%         N/A       50%         3
 Stone Arrow              Conj/Erth      6%         3d7       50%         3
 Vampiric Draining        Necr           3%         2d6       50%         3
 Alistair's Intoxication  Tmut/Pois      11%        N/A       50%         5
 Irradiate                Conj/Tmut      8%         3d14      50%         5
 Yara's Violent Unravell  Hex/Tmut       8%         3d5       50%         5
 Metabolic Englaciation   Hex/Ice        6%         N/A       69%         5
 Freezing Cloud           Conj/Ice/Air   5%         6-21      86%         5
 Cause Fear               Hex            1%         N/A       88%         4
 Corpse Rot               Necr/Pois/Air  3%         N/A       88%         4
 Leda's Liquefaction      Hex/Erth       1%         N/A       88%         4
 Olgreb's Toxic Radiance  Pois           3%         N/A       88%         4
 Manifold Assault         Tloc           8%         N/A       94%         5
 Eringya's Noxious Bog    Tmut/Pois      8%         N/A       97%         6
 Statue Form              Tmut/Erth      11%        N/A       97%         6
 Lee's Rapid Deconstruct  Erth           1%         3d5*      99%         5
 Lightning Bolt           Conj/Air       1%         1d12      99%         5
 Summon Mana Viper        Hex/Summ       3%         N/A       99%         5
 Simulacrum               Ice/Necr       6%         N/A       99%         6
 Dispersal                Tloc           4%         N/A       100%        6
 Dragon Form              Tmut           15%        N/A       87%         7
 Ozocubu's Refrigeration  Ice            12%        4d10      99%         7
 Monstrous Menagerie      Summ           1%         N/A       100%        7
 Storm Form               Tmut/Air       8%         N/A       100%        7
 Discord                  Hex            1%         N/A       100%        8
 Maxwell's Capacitive Co  Air            1%         ∞         100%        8
 Necromutation            Tmut/Necr      8%         N/A       100%        8
 Dragon's Call            Summ           1%         N/A       100%        9


Dungeon Overview and Level Annotations

Branches:
Dungeon (11/15)            Temple (1/1) D:6            Lair (5/5) D:11
  Swamp (1/4) Lair:2       Spider (0/4) Lair:2        Slime (0/5) Lair:4
    Orc (0/2) D:9           Sewer (visited)          Bailey (visited)

Altars:
Ashenzari
Cheibriados
Dithmenos
Elyvilon
Fedhas
Gozag
Hepliaklqana
Kikubaaqudgha
Makhleb
Nemelex Xobeh
Okawaru
Qazlal
Ru
Sif Muna
Trog
Uskayaw
Vehumet
Wu Jian
Xom
Yredelemnul
Zin
The Shining One
Jiyva

Shops:
D:4 (


Innate Abilities, Weirdness & Mutations

You are a creature of crystalline ice.
You have a powerful freezing melee attack.
You are amphibious.
Your maximum health is increased.
Your armour is entirely melded.
You are incapable of wielding weapons or throwing items.
You are too large for most types of armour.
((You have claws for hands.))
Your natural rate of healing is unusually fast.
((You are covered in fur. (AC +1)))
((You have tough skin. (AC +1)))
You expend magic power (3 MP) to strengthen your wands.


Message History

Okay, then.
A will-o-the-wisp comes into view.
The will-o-the-wisp gives a chilling moan.
The will-o-the-wisp gestures.
The will-o-the-wisp conjures some foxfire! 2 foxfires come into view.
The will-o-the-wisp blinks!
The foxfire hits you!! The fire burns you terribly!
Press: ? - help, v - describe, . - travel A mangrove.
The foxfire hits you!! The fire burns you terribly!
The will-o-the-wisp gestures.
The will-o-the-wisp conjures some foxfire! 2 foxfires come into view.
The foxfire hits you!! The fire burns you terribly! The foxfire hits you!!!
The fire burns you terribly!
The will-o-the-wisp gestures.
The will-o-the-wisp conjures some foxfire! 2 foxfires come into view.
The will-o-the-wisp blinks!
The foxfire hits you!! The fire burns you terribly!
* * * LOW HITPOINT WARNING * * *
The foxfire hits you! The fire burns you terribly!
* * * LOW HITPOINT WARNING * * *
The will-o-the-wisp gestures.
The will-o-the-wisp conjures some foxfire! 2 foxfires come into view.
Okay, then.
Press: ? - help, v - describe, . - travel
Here: a will-o-the-wisp The floor.
Aim the phial where?
Press: ? - help, Shift-Dir - straight line, f - will-o-the-wisp
Aim: a will-o-the-wisp The torrent of water hits the foxfire!
The foxfire is lightly damaged.
The wave splashes down.
You are engulfed in a cloud of scalding steam.
* * * LOW HITPOINT WARNING * * *
The foxfire hits you!! The fire burns you terribly!
You die...

♣♣♣ ♣.♣ ♣.♣♣♣
♣♣...♣♣♣
♣♣.♣♣...♣♣♣
♣♣♣♣
♣♣.~.♣♣♣Y~.♣♣♣
.♣.♣♣♣ ♣~.~♣♣
♣♣v..~♣♣♣
..~..♣♣♣♣~~♣♣
♣§§.♣..♣
.♣.~~.♣♣..♣♣
♣v§§♣♣♣♣
~~~§~.~...♣♣
♣§~§~♣
~~~~..~~~..♣♣
♣§~v♣♣
.♣.~~....~..♣
♣♣§~♣
..<♣....~~...♣
♣§~♣
...†...~~....♣
♣~§♣


You could see a will-o-the-wisp.

Vanquished Creatures
  The ghost of Flarelocke the Tortoise, an adept MiFi of Hepliaklqana (Lair:1)
  The ghost of Whoops the Fighter, a journeyman GnWn of the Shining One (Lair:1)
  A fire dragon (D:9)
  2 hydras (Lair:5)
  Harold (D:9)
  A boulder beetle (D:11)
  The ghost of 0gre the Frost Mage, a journeyman GnIE of Gozag (Lair:1)
  2 centaur warriors
  A catoblepas (Lair:5)
  2 alligators (Swamp:1)
  9 death yaks (Lair:5)
  A deep troll shaman (Lair:5)
  The ghost of Iusername the Covered, a novice MiFi of Dithmenos (D:6)
  3 bog bodies (Lair:2)
  Pikel (D:5)
  2 cyclopes (D:11)
  3 black mambas
  3 gargoyles
  7 elephants (Lair:5)
  6 cane toads
  An unseen horror (D:11)
  8 rime drakes (Lair:2)
  5 komodo dragons
  A tengu conjurer (D:9)
  2 polar bears (Lair:5)
  2 trolls (D:11)
  4 tyrant leeches (Swamp:1)
  18 blink frogs
  Prince Ribbit (D:9)
  4 shadows
  3 culicivoras (Lair:2)
  2 wyverns
  42 yaks
  5 basilisks
  A redback (Lair:2)
  12 steam dragons (Lair:2)
  A warg (D:9)
  A swamp worm (Swamp:1)
  2 acid dragons
  11 water moccasins
  3 orc warriors (D:9)
  4 black bears
  3 ice beasts
  3 sky beasts
  2 centaurs
  3 ogres
  A phantom (D:6)
  7 wolves
  4 kobold brigands
  13 bullfrogs
  A necrophage (D:7)
  A gnoll sergeant (D:10)
  7 scorpions
  8 wights
  8 killer bees
  A howler monkey (D:9)
  9 vampire bats (Bailey)
  An electric eel (Lair:2)
  8 wolf zombies (Bailey)
  A hound (D:7)
  Crazy Yiuf (D:2)
  11 orc priests
  Jessica (D:3)
  2 iguanas
  7 orc wizards
  Natasha (twice) (D:3)
  A killer bee simulacrum (D:6)
  6 gnolls
  10 adders
  7 river rats (Sewer)
  A shadow imp (D:7)
  5 white imps (D:6)
  3 worms
  A dart slug (D:2)
  25 orcs
  4 ball pythons
  3 endoplasms
  7 giant cockroaches
  11 goblins
  6 hobgoblins
  7 quokkas
  8 bats
  4 frilled lizards
  26 kobolds
  17 orc zombies (Bailey)
  19 rats
458 creatures vanquished.

Vanquished Creatures (others)
  A bloated husk (Swamp:1)
  5 jellies (Lair:5)
  3 dart slugs
  An endoplasm (D:1)
  A giant cockroach (D:2)
  2 goblins
  A hobgoblin (D:2)
  A kobold (D:1)
  2 frilled lizards
  6 foxfires (Swamp:1)
  45 fungi
  68 plants
136 creatures vanquished.

Grand Total: 594 creatures vanquished

Notes
Turn   | Place    | Note
-------+----------+-------------------------------------------
     0 | D:1      | keekatzer the Troll Transmuter began the quest for the Orb.
     0 | D:1      | Reached XP level 1. HP: 18/18 MP: 1/1
   208 | D:2      | Reached XP level 2. HP: 26/26 MP: 3/3
   253 | D:3      | Learned a level 2 spell: Wereblood
   350 | D:3      | Noticed Natasha
   355 | D:3      | Killed Natasha
   356 | D:3      | Reached XP level 3. HP: 26/32 MP: 4/4
   388 | D:3      | Found a glowing drain.
   404 | Sewer    | Entered a sewer
   428 | Sewer    | Reached skill level 4 in Unarmed Combat
   500 | Sewer    | Reached XP level 4. HP: 40/40 MP: 1/5
   518 | Sewer    | Noticed a kobold brigand
   531 | Sewer    | Killed a kobold brigand
   532 | Sewer    | Reached XP level 5. HP: 33/46 MP: 1/6
   935 | D:4      | Reached skill level 5 in Unarmed Combat
   943 | D:4      | Reached XP level 6. HP: 52/54 MP: 5/8
  1007 | D:4      | Reached skill level 1 in Fighting
  1011 | D:4      | Found a glowing golden altar of the Shining One.
  1020 | D:4      | Found a burning altar of Makhleb.
  1025 | D:4      | Found a stormy altar of Qazlal.
  1032 | D:4      | Found an iron altar of Okawaru.
  1037 | D:4      | Found a bloodstained altar of Trog.
  1045 | D:4      | Found a radiant altar of Vehumet.
  1050 | D:4      | Found a hazy altar of Hepliaklqana.
  1064 | D:4      | Became a worshipper of the Shining One
  1197 | D:4      | Reached skill level 1 in Ice Magic
  1232 | D:4      | Found Nionum's Antique Weapon Emporium.
  1438 | D:5      | Entered Level 5 of the Dungeon
  1505 | D:5      | Reached XP level 7. HP: 53/62 MP: 7/9
  1608 | D:5      | Noticed Pikel
  1619 | D:5      | Killed Pikel
  1620 | D:5      | Reached skill level 6 in Unarmed Combat
  1620 | D:5      | Reached XP level 8. HP: 52/70 MP: 7/11
  1850 | D:5      | Reached skill level 7 in Unarmed Combat
  1856 | D:5      | Identified the +0 ring mail of the Dropbear {rCorr MP+9
                  | Dex+3}
  2097 | D:6      | Reached * piety under the Shining One
  2150 | D:6      | Found a runed translucent gate.
  2152 | D:6      | Found a runed translucent gate.
  2152 | D:6      | Found a runed translucent gate.
  2176 | D:6      | Found a staircase to the Ecumenical Temple.
  2196 | Temple   | Entered the Ecumenical Temple
  2220 | Temple   | Fell from the grace of the Shining One
  2220 | Temple   | Became a worshipper of Elyvilon the Healer
  2404 | D:6      | Reached skill level 8 in Unarmed Combat
  2729 | D:7      | Reached * piety under Elyvilon
  2852 | D:7      | Reached XP level 9. HP: 72/79 MP: 12/12
  3363 | D:8      | Reached skill level 9 in Unarmed Combat
  3367 | D:8      | Identified the +8 trident of the Bespelling Sybil {vorpal,
                  | rN+ Dex+4 Stlth-}
  3549 | D:8      | Identified the amulet "Majiunad" {Regen+ Int+4 Dex+4
                  | Stlth+}
  3557 | D:8      | Reached ** piety under Elyvilon
  3716 | D:8      | Noticed a centaur warrior
  3735 | D:8      | Killed a centaur warrior
  3827 | D:8      | Reached skill level 5 in Transmutations
  3835 | D:8      | Reached skill level 5 in Ice Magic
  3852 | D:8      | Reached XP level 10. HP: 57/88 MP: 13/13
  3865 | D:8      | Learned a level 4 spell: Ice Form
  3975 | D:9      | Found a flagged portal.
  4004 | Bailey   | Entered a bailey
  4200 | Bailey   | Noticed a gargoyle
  4211 | Bailey   | Killed a gargoyle
  4240 | Bailey   | HP: 5/105 [vampire/+1 vampiric halberd (12)]
  4243 | Bailey   | Elyvilon protects you from harm!
  4406 | D:9      | Found a large runed translucent door.
  4406 | D:9      | Found a large runed translucent door.
  4409 | D:9      | Noticed an eight-headed hydra
  4414 | D:9      | Found a large runed translucent door.
  4414 | D:9      | Found a large runed translucent door.
  4491 | D:9      | Noticed Prince Ribbit
  4508 | D:9      | Killed Prince Ribbit
  4599 | D:9      | Reached *** piety under Elyvilon
  4603 | D:9      | Noticed Harold
  4630 | D:9      | Killed Harold
  4638 | D:9      | Found a staircase to the Orcish Mines.
  4794 | D:9      | Noticed a fire dragon
  4795 | D:9      | Reached skill level 1 in Invocations
  4856 | D:9      | Reached XP level 11. HP: 96/96 MP: 9/14
  4856 | D:9      | Noticed a centaur warrior
  4861 | D:9      | Killed a centaur warrior
  5316 | D:9      | Identified the +1 plate armour of Greed {Str+2}
  5449 | D:6      | Noticed Iusername's ghost (novice MiFi)
  5476 | D:6      | Killed Iusername's ghost
  5608 | D:10     | Entered Level 10 of the Dungeon
  5745 | D:10     | Found a portal to a secret trove of treasure.
  5862 | D:10     | Reached **** piety under Elyvilon
  6105 | D:11     | Identified the +9 trident "Ceshriyqe" {freeze, Will+}
  6138 | D:11     | Reached skill level 5 in Dodging
  6138 | D:11     | Reached skill level 10 in Unarmed Combat
  6235 | D:11     | Found a staircase to the Lair.
  6737 | D:9      | Pacified an eight-headed hydra
  6738 | D:9      | Reached skill level 5 in Fighting
  6746 | D:9      | Identified the +10 great mace of Dubrusk {antimagic, rElec
                  | Dex+5}
  6895 | D:11     | Reached XP level 12. HP: 111/111 MP: 4/17
  6981 | Lair:1   | Entered Level 1 of the Lair of Beasts
  7009 | Lair:1   | Reached skill level 1 in Armour
  7029 | Lair:1   | Found a runed translucent gate.
  7029 | Lair:1   | Found a runed translucent gate.
  7029 | Lair:1   | Found a runed translucent gate.
  7033 | Lair:1   | Noticed 0gre's ghost (journeyman GnIE)
  7033 | Lair:1   | Noticed Flarelocke's ghost (adept MiFi)
  7033 | Lair:1   | Noticed Whoops's ghost (journeyman GnWn)
  7081 | Lair:1   | Reached XP level 13. HP: 108/118 MP: 15/19
  7142 | Lair:1   | Reached skill level 5 in Invocations
  7154 | Lair:1   | Reached skill level 5 in Spellcasting
  7234 | Lair:1   | Reached skill level 5 in Evocations
  7530 | Lair:2   | Found a hole to the Spider Nest.
  7597 | Lair:2   | HP: 7/141 [culicivora (19)]
  7604 | Lair:2   | HP: 2/141 [culicivora (16)]
  7817 | Lair:2   | Found a staircase to the Swamp.
  8583 | Lair:4   | Found a viscous altar of Jiyva.
  8583 | Lair:4   | Found a staircase to the Slime Pits.
  8680 | Lair:4   | Reached ***** piety under Elyvilon
  8732 | Lair:5   | Entered Level 5 of the Lair of Beasts
  8781 | Lair:5   | Reached skill level 11 in Unarmed Combat
  9343 | Lair:4   | Fell from the grace of Elyvilon
  9343 | Lair:4   | Became a worshipper of Jiyva Jacaacim the Shapeless
  9945 | Lair:3   | Reached * piety under Jiyva
 10465 | Lair:1   | Killed Flarelocke's ghost
 10493 | Lair:1   | Killed Whoops's ghost
 10518 | Lair:1   | Killed 0gre's ghost
 10659 | Lair:1   | Reached XP level 14. HP: 127/127 MP: 20/20
 10899 | Lair:5   | Reached ** piety under Jiyva
 11103 | Lair:5   | Reached skill level 10 in Transmutations
 11581 | D:10     | You paid a toll of 6 scrolls of blinking to enter a
                  | treasure trove
 11582 | Trove    | Entered a treasure trove
 11596 | Trove    | Got Sif Muna's Omnibus of Rime and Adjuration
 11614 | Trove    | Got Sif Muna's Precepts of the Caves and Maleficent Magicks
 11623 | Trove    | Got Sif Muna's Secrets of Calorific Firn
 11640 | Trove    | Got the Papyrus of Shaping
 11669 | D:10     | Learned a level 3 spell: Frozen Ramparts
 11673 | D:10     | Learned a level 3 spell: Ozocubu's Armour
 11676 | D:10     | Learned a level 2 spell: Blink
 11688 | D:10     | Learned a level 2 spell: Passwall
 14152 | D:3      | Reached *** piety under Jiyva
 14175 | D:3      | Noticed Jessica
 14179 | D:3      | Killed Jessica
 14391 | D:3      | Noticed Natasha
 14398 | D:3      | Killed Natasha
 14558 | D:3      | Gained mutation: Armour fits poorly on your pseudopods.
                  | [Jiyva's grace]
 14558 | D:3      | Gained mutation: Armour fits poorly on your large
                  | pseudopods. [Jiyva's grace]
 14558 | D:3      | Gained mutation: Armour fits poorly on your massive
                  | pseudopods. [Jiyva's grace]
 14558 | D:3      | Gained mutation: Your rubbery body absorbs attacks. (AC +1,
                  | EV +1) [Jiyva's grace]
 14819 | D:2      | Found a runed translucent door.
 14820 | D:2      | Noticed Crazy Yiuf
 14826 | D:2      | Killed Crazy Yiuf
 14855 | D:2      | Found a faded altar of an unknown god.
 14997 | D:2      | Identified the +0 robe "Rimid" {Str+2 Dex-4 Archmagi}
 15372 | D:1      | Lost mutation: Your rubbery body absorbs attacks. (AC +1,
                  | EV +1) [potion of mutation]
 15372 | D:1      | Lost mutation: Armour fits poorly on your massive
                  | pseudopods. [potion of mutation]
 15372 | D:1      | Gained mutation: You are frail. (-10% HP) [potion of
                  | mutation]
 15372 | D:1      | Gained mutation: Armour fits poorly on your strangely
                  | shaped body. [potion of mutation]
 15373 | D:1      | Lost mutation: Armour fits poorly on your strangely shaped
                  | body. [potion of mutation]
 15373 | D:1      | Lost mutation: You are frail. (-10% HP) [potion of
                  | mutation]
 15373 | D:1      | Lost mutation: Armour fits poorly on your large pseudopods.
                  | [potion of mutation]
 15373 | D:1      | Gained mutation: You are clumsy. (Dex -2) [potion of
                  | mutation]
 15373 | D:1      | Gained mutation: You have hidden genetic defects. [potion
                  | of mutation]
 15373 | D:1      | Gained mutation: You expend magic power (3 MP) to
                  | strengthen your wands. [potion of mutation]
 15374 | D:1      | Lost mutation: You have hidden genetic defects. [potion of
                  | mutation]
 15374 | D:1      | Lost mutation: You are clumsy. (Dex -2) [potion of
                  | mutation]
 15374 | D:1      | Lost mutation: Armour fits poorly on your pseudopods.
                  | [potion of mutation]
 15676 | D:1      | Reached **** piety under Jiyva
 16637 | D:11     | Reached skill level 1 in Translocations
 16810 | Swamp:1  | Entered Level 1 of the Swamp
 16949 | Swamp:1  | HP: 3/152 [will-o-the-wisp] (16)]
 16949 | Swamp:1  | Killed from afar by a will-o-the-wisp

Illustrated notes

Levels and vault maps discovered:
D:1:      dpeg_arrival_rooms_a, layout_basic
D:2:      layout_basic, basic_ecumenical_altar, serial_bayou_pond_c,
          minmay_misc_feat_columns, uniq_crazy_yiuf_cottage
D:3:      layout_loops_corners, cheibrodos_sewer_entry_bend, minmay_puff,
          uniq_natasha, uniq_jessica
D:4:      layout_cave_pools, grunt_temple_overflow_octagram, serial_shops,
          shop_statue, grunt_decor_mini_mirrors, grunt_decor_junction,
          hangedman_decor_diamond_cutter
D:5:      layout_basic, uniq_pikel
D:6:      layout_loops_cross, minmay_temple_entry_mini_moons,
          gammafunk_ghost_icy
D:7:      layout_loops_corners
D:8:      layout_loops_cross
D:9:      layout_long_grid, erik_orc_4, enter_bailey_5,
          minmay_hollow_rounded_squares, uniq_prince_ribbit1, uniq_harold
D:10:     layout_basic, nicolae_trove_entry_crossroad
D:11:     layout_roguey, due_lair_maze_entry_diamond
Temple:   hellmonk_temple_two_chambers
Lair:1:   layout_cellular_growth, gammafunk_ghost_cemetery,
          cheibrodos_lair_caveside_slide
Lair:2:   layout_gridlike, nicolae_swamp_entry_splash_gauntlet,
          spider_nest_entry_funnel_web, bobbens_dragon_lair_wall,
          infiniplex_staircase_pool_2
Lair:3:   statuecave_lemuel, layout_misc_corridors
Lair:4:   layout_regular_city, dpeg_slime_entry_enclosed, ldierk_geyser
Lair:5:   grunt_lair_end_beastmaster, layout_regular_city
Swamp:1:  layout_falls_marsh, nicolae_swamp_oxbows

Skill      XL: |  1  2  3  4  5  6  7  8  9 10 11 12 13 14 |
---------------+-------------------------------------------+-----
Unarmed Combat | 4 5 6 8 9 10 11 | 11.0
Dodging        | 2 3 5 6 |  6.8
Transmutations | 2 3 5 7 9 10 | 10.9
Spellcasting   | 2 3 4 5 |  5.0
Fighting       | 1 2 5 |  5.0
Ice Magic      | 1 2 3 5 7 8 |  8.0
Invocations    | 1 4 5 6 |  6.1
Evocations     | 4 5 |  5.0
Armour         | 1 2 |  2.0
Translocations | 1 |  1.8

Action                   |  1- 3 |  4- 6 |  7- 9 | 10-12 | 13-15 || total
-------------------------+-------+-------+-------+-------+-------++-------
Melee: Unarmed           |    42 |   135 |   189 |   402 |   604 ||  1372
       Kick              |     4 |    11 |    24 |    12 |       ||    51
       Headbutt          |     3 |     6 |    15 |     8 |       ||    32
       Punch             |     1 |     4 |    14 |     4 |     3 ||    26
       Trident           |       |       |       |       |    60 ||    60
       Pseudopods        |       |       |       |       |     3 ||     3
 Cast: Beastly Appendage |     4 |    11 |    13 |     5 |       ||    33
       Wereblood         |     3 |     7 |     5 |    10 |    14 ||    39
       Ice Form          |       |       |       |    26 |    44 ||    70
       Passwall          |       |       |       |       |     8 ||     8
Invok: Purification      |       |       |       |     1 |       ||     1
       Heal Other        |       |       |       |     6 |       ||     6
       Heal Self         |       |       |       |       |     9 ||     9
Evoke: Wand              |       |       |       |     1 |       ||     1
       Phial of floods   |       |       |       |       |     2 ||     2
       Phantom mirror    |       |       |       |       |     2 ||     2
  Use: Scroll            |       |       |       |    19 |     4 ||    23
       Potion            |       |       |       |     8 |     7 ||    15
 Stab: Sleeping          |       |       |     1 |     9 |     7 ||    17
       Petrifying        |       |       |       |       |     3 ||     3
Armor: Robe              |    11 |    33 |    28 |    17 |     5 ||    94
       Skin              |       |       |       |    98 |   137 ||   235
       Acid dragon scale |       |       |       |       |    11 ||    11
Dodge: Dodged            |    16 |    43 |    69 |   233 |   326 ||   687
